 Dungeon Crawl Stone Soup version 0.30.1 (webtiles) character file.

Game seed: 1396896099548855483

87 Perinia the Sneak (level 4, -1/24 HPs)
             Began as a Kobold Enchanter on July 1, 2023.
             Slain by a gnoll
             ... wielding a +0 flail
              (12 damage)
             ... on level 2 of the Dungeon.
             The game lasted 00:21:42 (2373 turns).

Perinia the Sneak (Kobold Enchanter)                Turns: 2373, Time: 00:21:43

Health: -1/24      AC:  2    Str:  5    XL:     4   Next: 80%
Magic:  5/7        EV: 15    Int: 16    God:
Gold:   68         SH:  0    Dex: 17    Spells: 5/7 levels left

rFire   . . .        n - +0 dagger (venom)
rCold   . . .        (no shield)
rNeg    + . .        b - +0 robe
rPois   .            (no helmet)
rElec   .            (no cloak)
rCorr   .            (no gloves)
SInv    .            (no boots)
Will    .....        (no amulet)
Stlth   ++++         i - ring of positive energy
HPRegen 0.24/turn    (no ring)
MPRegen 0.10/turn

%: no passive effects
@: no status effects
A: small, no large weapons, nightstalker 3
a: no special abilities


You were on level 2 of the Dungeon.
You visited 1 branch of the dungeon, and saw 2 of its levels.

You collected 68 gold pieces.

Inventory:

Hand Weapons
 a - a +1 dagger
 f - a +0 short sword
 m - a +0 whip of flaming
 n - a +0 dagger of venom (weapon)
Missiles
 g - 7 stones (quivered)
 j - 6 poisoned darts
Armour
 b - a +0 robe (worn)
 d - a +0 ring mail
Jewellery
 i - a ring of positive energy (left hand)
Scrolls
 l - 3 scrolls of identify
 o - a scroll of immolation {unknown}
 p - a scroll of enchant armour {unknown}
 q - a scroll of amnesia {unknown}
 r - a scroll of poison {unknown}
Potions
 c - 2 potions of invisibility
 e - a potion of berserk rage {unknown}
 h - a potion of mutation {unknown}
 k - 3 potions of curing


   Skills:
 * Level 2.8 Short Blades
 * Level 3.2 Dodging
 * Level 5.6 Stealth
 + Level 2.4 Spellcasting
 + Level 3.2 Hexes


You had 5 spell levels left.
You knew the following spells:

 Your Spells              Type           Power      Damage    Failure   Level
a - Ensorcelled Hibernat  Hex/Ice        14%        N/A       16%         2

Your spell library contained the following spells:

 Spells                   Type           Power      Damage    Failure   Level
 Confusing Touch          Hex            12%        N/A       16%         3
 Tukima's Dance           Hex            12%        N/A       16%         3
 Dazzling Flash           Conj/Hex       14%        N/A       30%         3


Dungeon Overview and Level Annotations

Branches:
Dungeon (2/15)

Altars:


Innate Abilities, Weirdness & Mutations

You are small and have problems with some larger weapons.
You are completely attuned to the shadows.


Message History

Aim: a worm (wandering, hasn't noticed you, chance to affect: 50%)
The worm looks drowsy...
The helpless worm fails to defend itself.
You impale the worm!!
You kill the worm!
You see here a worm corpse.
Found 10 gold pieces.
You now have 68 gold pieces (gained 10).
A giant cockroach comes into view.
A gnoll comes into view. It is wielding a +0 halberd.
The giant cockroach bites you but does no damage.
The giant cockroach closely misses you.
You hit the giant cockroach but do no damage.
The giant cockroach barely misses you.
You hit the giant cockroach but do no damage.
The giant cockroach is poisoned.
The giant cockroach closely misses you.
You hit the giant cockroach.
The giant cockroach looks even sicker.
The giant cockroach is moderately wounded.
You kill the giant cockroach! 3 gnolls come into view.
The helpless gnoll fails to defend itself.
You impale the gnoll!!
You kill the gnoll!
The gnoll shouts! x2
The gnoll misses you.
Casting: Ensorcelled Hibernation (safe; 16% risk of failure)
Confirm with . or Enter, or press ? or * to list all spells.
Aiming: Ensorcelled Hibernation (safe; 16% risk of failure)
Press: ? - help, Shift-Dir - straight line, f - gnoll
Aim: a gnoll, wielding a +0 flail (chance to affect: 50%)
The gnoll resists with some effort.
You closely miss the gnoll. You hit the gnoll but do no damage.
The gnoll barely misses you. The gnoll misses you.
The gnoll completely misses you.
You hit the gnoll but do no damage.
The gnoll is poisoned.
The gnoll hits you with a +0 flail. The gnoll hits you with a +0 whip!
The gnoll hits you from afar with a +0 spear.
The gnoll attacks as you move away! The gnoll hits you with a +0 flail!
Ouch! That really hurt!
You die...

..## ##.##.#
#.#
...###†###.#
#.# ......##
.# #.# #.#####
#.# #.# ######
#.# ..# ....†#
#.### ###
##.## #...#
#.g.# ###.#
###.#@### #.#
#gg.#...####.#
#.#####......#
#).g#...######
###g#.### ...
###


You could see a gnoll (very poisoned).

Vanquished Creatures
  Jessica (D:2)
  A gnoll (D:2)
  A worm (D:2)
  4 dart slugs
  3 bats
  2 endoplasms
  A giant cockroach (D:2)
  5 goblins (D:1)
  4 hobgoblins
  3 jackals (D:1)
  3 kobolds
  3 quokkas (D:2)
  2 ball pythons (D:1)
  3 frilled lizards (D:1)
  3 rats (D:1)
39 creatures vanquished.

Notes
Turn   | Place    | Note
-------+----------+-------------------------------------------
     0 | D:1      | Perinia the Kobold Enchanter began the quest for the Orb.
     0 | D:1      | Reached XP level 1. HP: 10/10 MP: 3/3
   242 | D:1      | Reached XP level 2. HP: 12/15 MP: 5/5
   245 | D:1      | Learned a level 2 spell: Ensorcelled Hibernation
  1194 | D:1      | Reached XP level 3. HP: 19/19 MP: 6/6
  2237 | D:2      | Noticed Jessica
  2240 | D:2      | Killed Jessica
  2241 | D:2      | Reached skill level 5 in Stealth
  2241 | D:2      | Reached XP level 4. HP: 24/24 MP: 7/7
  2373 | D:2      | Slain by a gnoll

Illustrated notes

Levels and vault maps discovered:
D:1:      heliophobic_arrival_battle_scene, layout_loops_ring
D:2:      layout_loops_ring, uniq_jessica

Skill      XL: |  1  2  3 |
---------------+----------+-----
Short Blades   | 2 |  2.8
Dodging        | 3 |  3.2
Stealth        | 5 |  5.6
Spellcasting   | |  2.4
Hexes          | |  3.2

Action                     |  1- 3 |  4- 6 || total
---------------------------+-------+-------++-------
  Melee: Dagger            |    78 |    18 ||    96
   Cast: Ensorcelled Hiber |       |     2 ||     2
    Use: Scroll            |     4 |       ||     4
   Stab: Sleeping          |    14 |     5 ||    19
 Armour: Ring mail         |     3 |       ||     3
         Robe              |     7 |     3 ||    10
  Dodge: Dodged            |    57 |    10 ||    67
